 Dungeon Crawl Stone Soup version 0.21.1-1-g345015f (webtiles) character file.

240 goulibeur the Distorting Demonspawn (level 5, -2/42 HPs)
             Began as a Demonspawn Abyssal Knight on July 22, 2018.
             Was a Believer of Lugonu.
             Slain by a scorpion (3 damage)
             ... on level 4 of the Dungeon.
             The game lasted 00:10:28 (4704 turns).

goulibeur the Distorting Demonspawn (DsAK)          Turns: 4704, Time: 00:10:28

Health: -2/42      AC: 10    Str: 12    XL:     5   Next: 79%
Magic:  9/9        EV:  5    Int: 13    God:    Lugonu [**....]
Gold:   204        SH:  3    Dex: 14    Spells: 4/4 levels left

rFire    . . .     SeeInvis .   a - +1 short sword
rCold    . . .     Gourm    .   s - +0 buckler
rNeg     . . .     Faith    .   v - +0 chain mail
rPois    .         Spirit   .   (no helmet)
rElec    .         Reflect  .   (no cloak)
rCorr    .         Harm     .   j - +0 pair of gloves
MR       .....                  (no boots)
Stlth    ..........             t - amulet of rage
HPRegen  0.14/turn              (no ring)
MPRegen  0.11/turn              (no ring)

@: lethally poisoned (-2 -> -29), drained
A: claws 2, nightstalker 1
a: Depart the Abyss, Bend Space, Renounce Religion, Evoke Berserk Rage


You were on level 4 of the Dungeon.
You worshipped Lugonu.
Lugonu was pleased with you.
You were hungry.

You visited 1 branch of the dungeon, and saw 4 of its levels.
You visited the Abyss 1 time.

You collected 204 gold pieces.

Inventory:

Hand Weapons
 a - a +1 short sword (weapon)
Armour
 b - a +0 leather armour
 j - a +0 pair of gloves (worn)
 r - a +0 scale mail
 s - a +0 buckler (worn)
 v - a +0 chain mail (worn)
Jewellery
 t - an amulet of rage (around neck)
Wands
 u - a wand of iceblast (5)
Scrolls
 d - a scroll of fog {unknown}
 e - 3 scrolls of identify {unknown}
 f - 2 scrolls of random uselessness {unknown}
 g - 3 scrolls of teleportation {unknown}
 h - 3 scrolls of remove curse {unknown}
 i - a scroll of noise {unknown}
 k - 2 scrolls of immolation {unknown}
 q - 2 scrolls of magic mapping {unknown}
Potions
 c - a potion of resistance {unknown}
 l - a potion of might {unknown}
 n - 2 potions of magic
 o - a potion of curing {unknown}
 p - a potion of heal wounds {unknown}
Comestibles
 m - 3 rations


   Skills:
 + Level 3.9(3.8) Fighting
 - Level 1.7(1.6) Short Blades
 + Level 2.9(2.8) Armour
 + Level 2.3 Dodging
 + Level 0.0 Shields
 * Level 5.3(5.2) Invocations


You had 4 spell levels left.
You didn't know any spells.

Dungeon Overview and Level Annotations

Branches:
Dungeon (4/15)
 Temple: D:4-7

Altars:


Innate Abilities, Weirdness & Mutations

You have very sharp fingernails.
You are slightly more attuned to the shadows.


Message History

The scorpion stings you but does no damage.
You hit the scorpion.
The scorpion is moderately wounded.
You feel sick. The scorpion stings you.
* * * LOW HITPOINT WARNING * * *
You are more poisoned.
The scorpion poisons you!
Your shield and chain mail prevent you from hitting the scorpion.
The scorpion is moderately wounded.
* * * LOW HITPOINT WARNING * * *
You feel sick. The scorpion stings you!
* * * LOW HITPOINT WARNING * * *
You are more poisoned.
The scorpion poisons you!
Okay, then.
It was a potion of magic.
Magic courses through your body.
* * * LOW HITPOINT WARNING * * *
You feel very sick. The scorpion stings you.
You die...

.<. ... #.##
##..# #... ##.s#
.###..@# ##
#......## ##.
###.##..## ###
###.. # ###.##
###.###...#
##.###.........#
#.............#
##....###...#..
##..## #..###.
.###...# #..# ##


You could see a scorpion.

Vanquished Creatures
  A scorpion (D:2)
  Ijyb (D:2)
  2 gnolls (D:1)
  6 adders
  An adder skeleton (D:4)
  4 worms
  A dart slug (D:1)
  5 leopard geckos
  4 orcs (D:3)
  A ball python (D:2)
  10 bats
  2 giant cockroaches
  4 goblins
  8 hobgoblins
  8 kobolds
  3 quokkas
  3 frilled lizards
  6 rats
70 creatures vanquished.

Notes
Turn   | Place    | Note
-------+----------+-------------------------------------------
     0 | Abyss:1  | goulibeur the Demonspawn Abyssal Knight began the quest for the Orb.
     0 | Abyss:1  | Reached XP level 1. HP: 18/18 MP: 2/2
    24 | Abyss:1  | Noticed a balrug
    28 | D:1      | Escaped the Abyss
    78 | D:1      | Reached skill level 1 in Dodging
   103 | D:1      | Reached skill level 3 in Invocations
   103 | D:1      | Gained mutation: You have sharp fingernails. [demonic ancestry]
   103 | D:1      | Reached XP level 2. HP: 13/24 MP: 2/4
   720 | D:1      | Reached * piety under Lugonu
  1001 | D:1      | Gained mutation: You are slightly more attuned to the shadows. [demonic ancestry]
  1001 | D:1      | Reached XP level 3. HP: 6/29 MP: 5/5
  2165 | D:2      | Reached skill level 4 in Invocations
  2176 | D:2      | Noticed a scorpion
  2191 | D:2      | Killed a scorpion
  2191 | D:2      | Gained mutation: You have very sharp fingernails. [demonic ancestry]
  2191 | D:2      | Reached XP level 4. HP: 10/36 MP: 7/7
  2669 | D:2      | Reached XP level 5. HP: 42/42 MP: 8/8
  3220 | D:3      | Noticed Ijyb
  3229 | D:3      | Paralysed by Ijyb for 3 turns
  3245 | D:3      | Paralysed by Ijyb for 4 turns
  3260 | D:2      | Paralysed by Ijyb for 7 turns
  3273 | D:2      | Paralysed by Ijyb for 7 turns
  3290 | D:2      | Killed Ijyb
  3290 | D:2      | Reached skill level 5 in Invocations
  3879 | D:3      | Reached ** piety under Lugonu
  4704 | D:4      | HP: 1/42 [poisoned by a scorpion]
  4704 | D:4      | Slain by a scorpion

Skill      XL: |  1  2  3  4  5 |
---------------+----------------+-----
Dodging        | 1 2 |  2.3
Armour         | 2 |  2.9
Invocations    | 3 4 5 |  5.3
Fighting       | |  3.9
Short Blades   | |  1.7

Action                   |  1- 3 |  4- 6 || total
-------------------------+-------+-------++-------
Melee: Short sword       |   149 |   198 ||   347
Invok: Depart the Abyss  |     1 |       ||     1
  Use: Potion            |       |     1 ||     1
 Stab: Sleeping          |     3 |     3 ||     6
  Eat: Chunk             |     1 |     7 ||     8
       Ration            |     1 |       ||     1
Armor: Leather armour    |    45 |    40 ||    85
       Scale mail        |       |    23 ||    23
       Chain mail        |       |     9 ||     9
Dodge: Dodged            |    82 |    97 ||   179
Block: Buckler           |       |     2 ||     2
